[Event "Team 45 45 League T88"]
[Site "Internet Chess Club"]
[Date "2021.04.25"]
[Round "3"]
[White "McDreasor"]
[Black "MathMonkey"]
[Result "1-0"]
[WhiteElo "1948"]
[BlackElo "1416"]
[Opening "Ruy Lopez: 5.O-O"]
[ECO "C78"]
[Time "13:04:54"]
[TimeControl "2700+45"]

1. e4 e5 2. Nf3 Nc6 3. Bb5 a6 4. Ba4 Nf6 5. O-O b5 6. Bb3 Bc5 7. c3 d6 8. d3 O-O
9. Bg5 h6 10. Bh4 Be6 11. Bc2 Bg4 12. h3 Bh5 13. Nbd2 g5 14. Bg3 Bg6 15. b4 Ba7
16. a4 Nh5 17. Bh2 Qd7 18. Re1 Nd8 19. d4 f6 20. Bb3+ Kg7 21. g4 Nf4 22. Bxf4
gxf4 23. Nh4 Nf7 24. Nxg6 Kxg6 25. Bxf7+ Rxf7 26. axb5 Qxb5 27. Nf3 Rg8 28. Nh4+
Kh7 29. Nf5 exd4 30. Qb3 Rff8 31. cxd4 h5 32. Rac1 Bb6 33. Qf3 Qxb4 34. Qxf4 Rg5
35. Kh1 Qb3 36. Re3 Qf7 37. Rg1 Qg6 38. Reg3 hxg4 39. Rxg4 c5 40. Rh4+ Kg8 41.
Ne7+ Kf7 42. Nxg6 Kxg6 43. Rxg5+ fxg5 44. Qxd6+ Kf7 45. Rh7+ Ke8 46. Qe7# {Black
checkmated} 1-0

[Event "Team 45 45 League T88"]
[Site "Internet Chess Club"]
[Date "2021.04.25"]
[Round "3"]
[White "Threehundreds"]
[Black "elmaestro"]
[Result "1-0"]
[WhiteElo "1536"]
[BlackElo "1653"]
[Opening "Sicilian: Najdorf"]
[ECO "B90"]
[Time "20:00:49"]
[TimeControl "2700+45"]

1. e4 c5 2. Nf3 d6 3. d4 cxd4 4. Nxd4 Nf6 5. Nc3 a6 6. f3 e6 7. Be3 Be7 8. Qd2
O-O 9. g4 g6 10. h4 e5 11. Nb3 Be6 12. h5 b5 13. hxg6 fxg6 14. O-O-O Nc6 15. Nd5
Rc8 16. Nxe7+ Nxe7 17. Qxd6 Qxd6 18. Rxd6 Bxb3 19. axb3 Rc6 20. Rxc6 Nxc6 21.
Be2 Rc8 22. Kb1 Kg7 23. Rd1 Rd8 24. Rxd8 Nxd8 25. Kc1 Kf7 26. c4 b4 27. c5 a5
28. Bb5 Ke6 29. c6 Kd6 30. Bg5 Nxc6 31. Bxc6 Ng8 32. Bd5 Ne7 33. Bxe7+ Kxe7 34.
Kd2 g5 35. Kd3 Kd6 36. Kc4 Kc7 37. Kb5 {Black resigns} 1-0

[Event "Team 45 45 League T88"]
[Site "Internet Chess Club"]
[Date "2021.04.25"]
[Round "3"]
[White "oldsj"]
[Black "ChessG2011"]
[Result "1-0"]
[WhiteElo "1386"]
[BlackElo "1387"]
[Opening "Ruy Lopez: 5.O-O"]
[ECO "C78"]
[Time "13:00:26"]
[TimeControl "2700+45"]

1. e4 e5 2. Nf3 Nc6 3. Bb5 a6 4. Ba4 Nf6 5. O-O b5 6. Bb3 Bc5 7. c3 d6 8. Re1
O-O 9. d4 Bb6 10. h3 Bb7 11. Bc2 Re8 12. Bg5 h6 13. Bh4 Qe7 14. d5 Na7 15. Nbd2
Nc8 16. Nf1 Ba7 17. Ne3 Nb6 18. Nf5 Qd8 19. b3 Bc8 20. Ne3 Nbd7 21. Ng4 g5 22.
Nxh6+ Kg7 23. Nxg5 Re7 24. Nf5+ Kg6 25. Nxe7+ Qxe7 26. Qd2 Qf8 27. Nf3 Kh7 28.
Qg5 Bb7 29. Qf5+ Kg7 30. Bxf6+ Nxf6 {Black resigns} 1-0

[Event "Team 45 45 League T88"]
[Site "Internet Chess Club"]
[Date "2021.04.26"]
[Round "3"]
[White "Ajolote"]
[Black "zugknightly"]
[Result "1/2-1/2"]
[WhiteElo "1966"]
[BlackElo "1922"]
[Opening "Robatsch (modern) defense"]
[ECO "B06"]
[Time "14:21:55"]
[TimeControl "2700+45"]

1. e4 g6 2. d4 Bg7 3. Nc3 d6 4. g3 Nd7 5. Bg2 c5 6. Be3 Rb8 7. Nge2 b6 8. O-O
Ngf6 9. h3 O-O 10. f4 Bb7 11. Qd2 a6 12. a4 cxd4 13. Nxd4 e5 14. Nb3 exf4 15.
gxf4 Re8 16. Qxd6 Nxe4 17. Nxe4 Bxe4 18. Bxe4 Rxe4 19. Bd4 Bxd4+ 20. Nxd4 Nc5
21. Qxd8+ Rxd8 22. c3 Ne6 23. Nxe6 Rxe6 24. a5 {Game drawn by mutual agreement}
1/2-1/2

[Event "Team 45 45 League T88"]
[Site "Internet Chess Club"]
[Date "2021.04.21"]
[Round "3"]
[White "Beetlejuice"]
[Black "hipopotamos"]
[Result "0-1"]
[WhiteElo "1688"]
[BlackElo "1723"]
[Opening "QGD Slav: 4.e3 Bf5"]
[ECO "D12"]
[Time "14:00:42"]
[TimeControl "2700+45"]

1. d4 d5 2. Nf3 Nf6 3. e3 Bf5 4. c4 c6 5. Nc3 e6 6. Nh4 Bg6 7. Nxg6 fxg6 8. Be2
Be7 9. Qc2 O-O 10. O-O Nbd7 11. Rd1 Bb4 12. a3 Ba5 13. b4 Bc7 14. e4 dxc4 15.
Bxc4 Qe8 16. f3 b5 17. Ba2 Kh8 18. Nxb5 Bxh2+ 19. Kxh2 cxb5 20. Qc6 Qb8+ 21. e5
Nxe5 22. dxe5 Qxe5+ 23. Bf4 Qxf4+ 24. Kh1 Rac8 25. Qd6 Qh4+ 26. Kg1 Nh5 27. Bxe6
Rcd8 28. Qc5 Ng3 29. Bh3 Ne2+ 30. Kf1 Rde8 31. Ra2 Rxf3+ 32. gxf3 Qxh3+ 33. Kf2
Qg3+ 34. Kf1 Qxf3+ 35. Ke1 Nc3+ 36. Kd2 Re2+ 37. Kc1 Nxa2+ 38. Kb1 Qb3+ 39. Ka1
Qb2# {White checkmated} 0-1

[Event "Team 45 45 League T88"]
[Site "Internet Chess Club"]
[Date "2021.04.25"]
[Round "3"]
[White "manfredo"]
[Black "CPTsopiens"]
[Result "0-1"]
[WhiteElo "1411"]
[BlackElo "1780"]
[Opening "KGD: classical, 4.c3"]
[ECO "C30"]
[Time "16:00:33"]
[TimeControl "2700+45"]

1. e4 e5 2. f4 Bc5 3. Nf3 d6 4. c3 Nf6 5. fxe5 dxe5 6. Nxe5 O-O 7. d4 Bb6 8. Qf3
Qe7 9. Bg5 c5 10. Bxf6 gxf6 11. Nc4 cxd4 12. Nxb6 axb6 13. Bd3 Nc6 14. cxd4 Nxd4
15. Qf2 Nb3 16. Qxb6 Nxa1 17. O-O Be6 18. Nc3 Rfd8 19. Qe3 Ra5 20. Rxa1 Qc5 21.
Qxc5 Rxc5 22. Rd1 f5 23. exf5 Bxf5 24. Bxf5 Rxd1+ 25. Nxd1 Rxf5 26. a4 Rf4 27.
Nc3 Rb4 {White resigns} 0-1

[Event "Team 45 45 League T88"]
[Site "Internet Chess Club"]
[Date "2021.04.24"]
[Round "3"]
[White "cpic2363"]
[Black "fireball"]
[Result "1-0"]
[WhiteElo "1513"]
[BlackElo "1482"]
[Opening "French: Tarrasch"]
[ECO "C03"]
[Time "15:03:47"]
[TimeControl "2700+45"]

1. e4 e6 2. d4 d5 3. Nd2 dxe4 4. Nxe4 Bd7 5. Bd3 Bc6 6. Qe2 Nd7 7. Nf3 Ngf6 8.
O-O Be7 9. c4 O-O 10. b3 a5 11. Bb2 Nxe4 12. Bxe4 Bxe4 13. Qxe4 c6 14. Rad1 Nf6
15. Qc2 h6 16. Nd2 Qc7 17. Ne4 Ng4 18. g3 Rac8 19. h3 Nf6 20. Nxf6+ Bxf6 21. d5
Bxb2 22. d6 Qd7 23. Qxb2 c5 24. Rd3 Rc6 25. Rfd1 f6 26. Qd2 e5 27. Qxa5 Rd8 28.
b4 cxb4 29. Qxb4 Ra8 30. c5 Rxa2 31. Qc4+ Kh7 32. Qxa2 Rxc5 33. Qe2 g6 34. Qf3
f5 35. Rb1 e4 36. Qe3 Rc6 37. Rdd1 Rxd6 38. Rxd6 Qxd6 39. Rxb7+ Kg8 40. Qb3+ Kh8
41. Qb2+ Kg8 42. Qg7# {Black checkmated} 1-0

[Event "Team 45 45 League T88"]
[Site "Internet Chess Club"]
[Date "2021.04.26"]
[Round "3"]
[White "achessman"]
[Black "bobhill"]
[Result "1-0"]
[WhiteElo "1882"]
[BlackElo "1796"]
[Opening "Sicilian: Alapin's variation (2.c3)"]
[ECO "B22"]
[Time "21:05:28"]
[TimeControl "2700+45"]

1. e4 c5 2. c3 d5 3. exd5 Qxd5 4. d4 Nf6 5. Nf3 Bg4 6. Be2 e6 7. h3 Bh5 8. O-O
Be7 9. Be3 O-O 10. dxc5 Nc6 11. Nbd2 Bxc5 12. Bxc5 Qxc5 13. Nb3 Qb6 14. Nfd4
Bxe2 15. Qxe2 Rad8 16. Rad1 Nd5 17. Rd2 Nf4 18. Qe4 Nxd4 19. Nxd4 Nd5 20. Rfd1
Nf6 21. Qe2 Qa5 22. Qc4 Rc8 23. Qb3 Ne4 24. Re2 Nc5 25. Qb5 Qxa2 26. b4 Qa4 27.
Rc1 Qxb5 28. Nxb5 Nd3 29. Rb1 Nf4 30. Re4 Nd5 31. c4 Nf6 32. Rf4 e5 33. Rf5 Rxc4
34. Rxe5 a6 35. Nd6 Rc7 36. b5 Rd7 37. Nc4 Rd5 38. bxa6 bxa6 39. Ra1 Rxe5 40.
Nxe5 Ra8 41. Ra5 Kf8 42. Kf1 Ne8 43. Nd7+ Ke7 44. Nb6 Ra7 45. Nc8+ Kd7 46. Nxa7
Nc7 47. Rc5 Kd6 48. Rc6+ Kd7 49. Rc1 f6 50. Nc6 Kd6 51. Na5 h6 52. Rc6+ Kd7 53.
g4 Kd8 54. Kg2 Kd7 55. Kg3 Kd8 56. Kh4 Kd7 57. Kh5 Nd5 58. Rxa6 Nf4+ 59. Kh4 Ke7
60. Nc6+ Kf7 61. Ra7+ Kg6 62. Ne7+ Kh7 63. Nf5 h5 64. gxh5 Ne6 65. h6 Kh8 66.
hxg7+ Nxg7 67. Nxg7 {Black resigns} 1-0

[Event "Team 45 45 League T88"]
[Site "Internet Chess Club"]
[Date "2021.04.24"]
[Round "3"]
[White "Kingfisher75"]
[Black "primerpaso"]
[Result "0-1"]
[WhiteElo "1535"]
[BlackElo "1843"]
[Opening "Sicilian: Canal-Sokolsky (Nimzovich-Rossolimo, Moscow) attack"]
[ECO "B51"]
[Time "16:00:46"]
[TimeControl "2700+45"]

1. e4 c5 2. Nf3 d6 3. Bb5+ Nc6 4. O-O Bd7 5. Re1 Nf6 6. c3 e6 7. d4 cxd4 8. cxd4
Be7 9. Nc3 O-O 10. a3 Rc8 11. d5 exd5 12. exd5 Na5 13. Bd3 Re8 14. Bg5 h6 15.
Bh4 Nc4 16. Qb3 Nb6 17. Rac1 Rc5 18. Bxf6 Bxf6 19. Ne4 Rxd5 20. Nxf6+ Qxf6 21.
Rxe8+ Bxe8 22. Be4 Rb5 23. Qd3 Qxb2 24. Re1 Bd7 25. Qxd6 Qc3 26. Bd3 Rd5 27.
Qb8+ Qc8 28. Qxa7 Rxd3 29. Qxb6 Qc3 30. Qd8+ Kh7 31. Qe7 Be6 32. Rb1 Bd5 33. Ne5
Rd2 34. Nxf7 Qd3 35. Rf1 Qg6 36. g3 Qxf7 37. Qe3 Ra2 38. f4 Rg2+ {White resigns}
0-1

[Event "Team 45 45 League T88"]
[Site "Internet Chess Club"]
[Date "2021.04.25"]
[Round "3"]
[White "Portola"]
[Black "Megasus"]
[Result "1-0"]
[WhiteElo "1703"]
[BlackElo "1483"]
[Opening "Queen's pawn game"]
[ECO "A45"]
[Time "13:30:28"]
[TimeControl "2700+45"]

1. d4 Nf6 2. c3 d6 3. Nf3 c6 4. Bg5 Nbd7 5. e3 h6 6. Bh4 Nd5 7. Nbd2 b5 8. Be2
N7f6 9. O-O Bf5 10. Bxf6 Nxf6 11. a4 Qb8 12. axb5 cxb5 13. Ra5 Bd7 14. e4 Qb6
15. Qa1 e6 16. e5 Nd5 17. exd6 Bxd6 18. Ne4 Bc7 19. Ra6 Qb8 20. Nc5 Nf4 21. Re1
Bc8 22. Bf1 O-O 23. Ra2 a5 24. g3 Nh5 25. Ne5 Bxe5 26. Rxe5 Nf6 27. Rxa5 Ra7 28.
Rxa7 Ng4 29. Re2 b4 30. Nd7 Bxd7 31. Rxd7 Nf6 32. Ra7 bxc3 33. bxc3 Nd5 34. c4
Nb6 35. Rb2 Qd8 36. d5 exd5 37. cxd5 Nxd5 38. Rd2 Qg5 39. Qd4 Nf6 40. Ra4 Re8
41. Rd1 Qh5 42. Bg2 Qe2 43. Ra8 Rxa8 44. Bxa8 Ng4 45. Qd8+ Kh7 46. Qd3+ {Black
resigns} 1-0

[Event "Team 45 45 League T88"]
[Site "Internet Chess Club"]
[Date "2021.04.23"]
[Round "3"]
[White "harishbn"]
[Black "McDreasor"]
[Result "1-0"]
[WhiteElo "1980"]
[BlackElo "1947"]
[Opening "Ruy Lopez: Caro variation"]
[ECO "C70"]
[Time "11:00:53"]
[TimeControl "2700+45"]

1. e4 e5 2. Nf3 Nc6 3. Bb5 a6 4. Ba4 b5 5. Bb3 Nf6 6. d3 Be7 7. O-O d6 8. a4 Bd7
9. c3 O-O 10. Nbd2 b4 11. Re1 bxc3 12. bxc3 Rb8 13. Nf1 Na5 14. Bc2 c6 15. d4
exd4 16. cxd4 Re8 17. Bg5 g6 18. Ng3 Be6 19. Rb1 Rxb1 20. Qxb1 d5 21. h3 Nc4 22.
e5 Nd7 23. Bxe7 Qxe7 24. Bd3 Rb8 25. Qc1 c5 26. Bxc4 dxc4 27. Ne4 cxd4 28. Nxd4
Nxe5 29. Qf4 Nd7 30. Nc6 {Black resigns} 1-0

[Event "Team 45 45 League T88"]
[Site "Internet Chess Club"]
[Date "2021.04.24"]
[Round "3"]
[White "Legal"]
[Black "ArturitoGalacti"]
[Result "1-0"]
[WhiteElo "1841"]
[BlackElo "1816"]
[Opening "Caro-Kann: advance variation"]
[ECO "B12"]
[Time "22:01:51"]
[TimeControl "2700+45"]

1. e4 c6 2. d4 d5 3. e5 Bf5 4. Nd2 e6 5. Nb3 Nd7 6. Nf3 h6 7. a4 Ne7 8. a5 g5 9.
h3 Bg7 10. Be3 O-O 11. Bd3 f6 12. exf6 Bxf6 13. O-O b6 14. axb6 axb6 15. Qe2 Qc7
16. Bxf5 exf5 17. Bd2 Qd6 18. Rfe1 Rxa1 19. Rxa1 c5 20. dxc5 Nxc5 21. Nxc5 bxc5
22. Ra6 Qd7 23. b4 c4 24. Be3 Nc6 25. b5 Nb4 26. Ra7 Qxb5 27. Bd4 Re8 28. Ra8
Kf7 29. Rxe8 Qxe8 30. Qxe8+ Kxe8 31. Bxf6 Nxc2 32. Nd4 Nxd4 33. Bxd4 Kd7 34. Kf1
Kc6 35. Ke2 Kb5 36. Kd2 Kb4 37. g4 fxg4 38. hxg4 Kb3 39. Bc3 Ka2 40. Kc2 Ka3 41.
Bg7 Kb4 42. Bf8+ Kb5 43. Kc3 Kc6 44. Bxh6 Kc5 45. Bxg5 d4+ 46. Kc2 Kb4 47. Bd2+
Kc5 48. f4 Kd5 49. g5 Ke6 50. Bc3 d3+ 51. Kd2 Kf5 52. Ke3 Kg6 53. Ke4 Kf7 54.
Kf5 Kg8 55. Kg6 Kf8 56. Kh7 {Black resigns} 1-0

[Event "Team 45 45 League T88"]
[Site "Internet Chess Club"]
[Date "2021.04.25"]
[Round "3"]
[White "gera-carp75"]
[Black "DeepPoo"]
[Result "1/2-1/2"]
[WhiteElo "1863"]
[BlackElo "1745"]
[Opening "French: King's Indian attack"]
[ECO "C00"]
[Time "16:00:44"]
[TimeControl "2700+45"]

1. e4 e6 2. d3 d5 3. Nd2 c5 4. Ngf3 Nc6 5. g3 Bd6 6. Bg2 Nge7 7. O-O O-O 8. Re1
Qc7 9. Qe2 Ng6 10. h4 d4 11. h5 Nge5 12. Nxe5 Nxe5 13. f4 Nc6 14. e5 Be7 15. Ne4
f6 16. exf6 Bxf6 17. Nxc5 Nb4 18. Nxe6 Bxe6 19. Qxe6+ Kh8 20. Bd2 Nxc2 21. Rac1
Rac8 22. Bh3 Qb8 23. Qb3 Nxe1 24. Rxc8 Rxc8 25. Bxc8 Nf3+ 26. Kf2 Nxd2 27. Qe6
Be7 28. Qxe7 Qxc8 29. Qe1 Nb3 30. axb3 h6 {Game drawn by mutual agreement}
1/2-1/2

[Event "Team 45 45 League T88"]
[Site "Internet Chess Club"]
[Date "2021.04.25"]
[Round "3"]
[White "WillC"]
[Black "MathBandit"]
[Result "0-1"]
[WhiteElo "1496"]
[BlackElo "1664"]
[Opening "Queen's pawn game, Chigorin variation"]
[ECO "D02"]
[Time "08:08:11"]
[TimeControl "2700+45"]

1. d4 d5 2. Nf3 Nc6 3. g3 Nf6 4. Bg2 e6 5. b3 Bd6 6. Bb2 O-O 7. O-O Bd7 8. Nbd2
Ne7 9. c4 c6 10. Rc1 Qa5 11. a3 Rfc8 12. b4 Qd8 13. c5 Bc7 14. Re1 a5 15. Ra1
axb4 16. axb4 Rxa1 17. Bxa1 Ra8 18. Qb3 b5 19. cxb6 Bxb6 20. Ne5 Rxa1 21. Rxa1
Bxd4 22. Nxd7 Bxa1 23. Nxf6+ Bxf6 24. e4 Qb6 25. exd5 cxd5 26. Qa4 h6 27. Qe8+
Kh7 28. b5 Kg6 29. Nf3 Nf5 30. Qc6 Qxc6 31. bxc6 Bd8 32. Bf1 Kf6 33. Bb5 Ne7 34.
Nd4 Ke5 35. Nb3 Kd6 36. Nd4 Kc5 37. c7 Bxc7 38. Nxe6+ fxe6 {White resigns} 0-1

[Event "Team 45 45 League T88"]
[Site "Internet Chess Club"]
[Date "2021.04.25"]
[Round "3"]
[White "zugknightly"]
[Black "Tufnell"]
[Result "1-0"]
[WhiteElo "1920"]
[BlackElo "1833"]
[Opening "English: ultra-symmetrical variation"]
[ECO "A36"]
[Time "15:11:17"]
[TimeControl "2700+45"]

1. c4 c5 2. g3 g6 3. Bg2 Bg7 4. Nc3 Nc6 5. a3 d6 6. Rb1 a5 7. Nf3 e5 8. O-O Nge7
9. d3 O-O 10. Bg5 h6 11. Bxe7 Nxe7 12. Ne1 Nc6 13. Nc2 f5 14. e3 Kh7 15. b4 axb4
16. axb4 cxb4 17. Nxb4 Nxb4 18. Rxb4 Ra3 19. Nd5 Qa5 20. Rb5 Qa7 21. Qb1 Rf7 22.
Qb4 Rxd3 23. Qxd6 e4 24. Rb6 g5 25. Qg6+ Kg8 26. Nf6+ Kf8 27. Nh5 Bd7 28. Nxg7
Rxg7 29. Qxh6 Bc6 30. Qf6+ Rf7 31. Qh8+ Ke7 32. Qe5+ Kf8 33. Rfb1 Rd8 34. Qh8+
Ke7 35. Qh6 g4 36. Qg5+ Ke8 37. c5 Qa3 38. Qg8+ Ke7 39. Rxb7+ Rd7 40. Rxd7+ Bxd7
41. Qg5+ {Black resigns} 1-0

[Event "Team 45 45 League T88"]
[Site "Internet Chess Club"]
[Date "2021.04.22"]
[Round "3"]
[White "room-matt"]
[Black "hipopotamos"]
[Result "1-0"]
[WhiteElo "1851"]
[BlackElo "1712"]
[Opening "Bishop's opening: Classical variation"]
[ECO "C23"]
[Time "13:48:36"]
[TimeControl "2700+45"]

1. e4 e5 2. Bc4 Bc5 3. Nc3 Nf6 4. d3 h6 5. f4 d6 6. f5 Kf8 7. Qf3 Nc6 8. Nge2
Ne7 9. Bd2 c6 10. Na4 Bb6 11. Nxb6 Qxb6 12. Bb3 a5 13. Nc3 d5 14. O-O-O Qc5 15.
Na4 Qa7 16. exd5 cxd5 17. g4 Qd4 18. Rhg1 b5 19. Nc3 e4 20. dxe4 dxe4 21. Qe2
Qe5 22. Qxb5 Qc7 23. Be3 Bb7 24. h3 Rc8 25. Bb6 Qf4+ 26. Kb1 h5 27. Bxa5 Bc6 28.
Qc5 Bd5 29. Nxd5 Nxd5 30. Rxd5 g6 31. Rd8+ Rxd8 32. Bxd8 Qg5 33. Qe5 Rh7 34. Rd1
gxf5 35. Rd7 Qe3 36. Qxe7+ Kg8 37. Qe8+ Kg7 38. Rxf7+ Kh6 39. Qe6# {Black
checkmated} 1-0

[Event "Team 45 45 League T88"]
[Site "Internet Chess Club"]
[Date "2021.04.23"]
[Round "3"]
[White "justice02"]
[Black "Boxermam"]
[Result "1/2-1/2"]
[WhiteElo "1751"]
[BlackElo "1711"]
[Opening "French: advance, Milner-Barry gambit"]
[ECO "C02"]
[Time "21:15:49"]
[TimeControl "2700+45"]

1. e4 e6 2. d4 d5 3. e5 c5 4. c3 Nc6 5. Nf3 Qb6 6. Bd3 cxd4 7. cxd4 Bd7 8. Be2
Nge7 9. Nc3 Nf5 10. Na4 Qd8 11. O-O Be7 12. a3 O-O 13. Nc3 Rc8 14. Re1 Qb6 15.
Na4 Qd8 16. Nc5 b6 17. Nxd7 Qxd7 18. Bb5 Qb7 19. Qd3 Nb8 20. Bd2 Rc7 21. Rac1
Rfc8 22. Rxc7 Rxc7 23. b4 Qc8 24. Ba4 Qa6 25. Qxa6 Nxa6 26. Bb5 Nb8 27. Bd3 g6
28. g4 Ng7 29. h4 h5 30. g5 Nc6 31. Rc1 Bd8 32. b5 Ne7 33. a4 Rxc1+ 34. Bxc1
Ngf5 35. Ba3 Nc8 36. Kf1 Be7 37. Bc1 Bb4 38. Bxf5 exf5 39. Ke2 Kf8 40. Bd2 Bxd2
41. Kxd2 Ke7 42. Kc3 Ke6 43. Ne1 Ne7 44. Nd3 Kd7 45. Kb4 Kc8 46. a5 Kc7 47. f3
Kc8 48. Nf4 Kd7 49. a6 Kc7 50. e6 fxe6 51. Nxe6+ Kd7 52. Nf4 Kc7 53. Nd3 Kd6 54.
Kc3 Kc7 55. Kd2 Kd6 56. Ke3 Ke6 57. Nb4 Kd7 58. Kf4 Kd6 59. Nd3 Ke6 60. Ne5 Kd6
61. Ke3 Ke6 62. Kd3 Kd6 63. Kc3 Kc7 64. Kb4 Kd6 65. Nd3 Kc7 66. Nb2 Kd6 67. f4
Kc7 68. Na4 Nc8 69. Nc3 Ne7 70. Kb3 Kd6 71. Nb1 Kc7 72. Kb4 Kd7 73. Nd2 Kc7 74.
Nf3 Kd7 75. Kc3 Kc7 {Game drawn by mutual agreement} 1/2-1/2

[Event "Team 45 45 League T88"]
[Site "Internet Chess Club"]
[Date "2021.04.25"]
[Round "3"]
[White "Timmah4651"]
[Black "andrew37"]
[Result "0-1"]
[WhiteElo "1577"]
[BlackElo "1643"]
[Opening "Réti opening"]
[ECO "A11"]
[Time "12:01:21"]
[TimeControl "2700+45"]

1. Nf3 d5 2. c4 c6 3. e3 Nf6 4. Nc3 e6 5. cxd5 exd5 6. b3 g6 7. Bb2 Bg7 8. Qc2
Bf5 9. Bd3 Bxd3 10. Qxd3 O-O 11. O-O Na6 12. Ne2 Nc5 13. Qc2 Ne6 14. Rac1 Ne4
15. Bxg7 Kxg7 16. d3 Nd6 17. Ned4 Re8 18. Qb2 f6 19. Rc2 Qd7 20. Rfc1 Rac8 21.
h3 a6 22. Nh2 Nxd4 23. Qxd4 Qe6 24. Nf3 Re7 25. Re1 Nf5 26. Qb4 Qd6 27. Qg4 h5
28. Qa4 Rce8 29. Rce2 c5 30. Qa3 b5 31. d4 c4 32. b4 g5 33. Qc3 g4 34. hxg4 hxg4
35. Nh2 Nh6 36. g3 Rh8 37. e4 dxe4 38. Rxe4 Rhe8 39. Rxe7+ Rxe7 40. Rxe7+ Qxe7
41. a3 Qe4 42. a4 Nf5 43. axb5 axb5 44. d5 Qxd5 45. Qc2 Nd4 46. Qd1 Nf3+ {White
resigns} 0-1

[Event "Team 45 45 League T88"]
[Site "Internet Chess Club"]
[Date "2021.04.24"]
[Round "3"]
[White "MartyJR"]
[Black "Grenadier"]
[Result "1-0"]
[WhiteElo "1506"]
[BlackElo "1557"]
[Opening "Queen's pawn: London system"]
[ECO "A45"]
[Time "14:00:26"]
[TimeControl "2700+45"]

1. d4 Nf6 2. Bf4 d6 3. e3 Bf5 4. Bd3 Bg6 5. Nf3 Nbd7 6. O-O e6 7. Nbd2 Be7 8. h3
Rc8 9. Be2 c5 10. c3 d5 11. Rc1 c4 12. b3 b5 13. bxc4 bxc4 14. Qa4 O-O 15. Nh4
Ne4 16. Nxg6 Nxd2 17. Nxe7+ Qxe7 18. Rfd1 Ne4 19. f3 Nef6 20. Re1 Nh5 21. Bh2
Qg5 22. f4 Qd8 23. Bxh5 Nf6 24. Bf3 a5 25. Qc2 Nd7 26. e4 f5 27. exf5 exf5 28.
Bxd5+ Kh8 29. Be6 Nf6 30. Bxc8 Qxc8 31. Rb1 Qd7 32. Re5 Nd5 33. Rbe1 g6 34. Qb2
Kg8 35. Qe2 Nxc3 36. Qxc4+ Kg7 37. Re7+ {Black resigns} 1-0

[Event "Team 45 45 League T88"]
[Site "Internet Chess Club"]
[Date "2021.04.24"]
[Round "3"]
[White "GoIrish"]
[Black "goldeen7"]
[Result "0-1"]
[WhiteElo "1379"]
[BlackElo "1347"]
[Opening "Réti: King's Indian attack"]
[ECO "A05"]
[Time "15:00:31"]
[TimeControl "2700+45"]

1. Nf3 Nf6 2. g3 g6 3. Bg2 Bg7 4. O-O O-O 5. d3 d6 6. e4 e5 7. c3 Bg4 8. h3 Bxf3
9. Qxf3 Nc6 10. Nd2 Ne8 11. b4 f5 12. exf5 gxf5 13. Qd5+ Kh8 14. Bb2 Qg5 15. Nf3
Qg6 16. Rae1 Nf6 17. Qb3 Rg8 18. Nh4 Qg5 19. Bc1 f4 20. Nf3 Qg6 21. g4 Bh6 22.
Qd1 Nxg4 23. Nh4 Qg5 24. Qxg4 Qf6 25. Qh5 Rg5 26. Qf3 Rag8 27. Kh2 R5g7 28. Rg1
Qxh4 29. d4 Qg5 30. Re4 Ne7 31. dxe5 Nf5 32. Bxf4 Nh4 33. Bxg5 Nxf3+ 34. Bxf3
Bxg5 35. exd6 Bf4+ 36. Rxf4 Rxg1 37. dxc7 R1g7 38. Rc4 Rc8 39. Bxb7 Rgxc7 40.
Rxc7 Rxc7 41. Be4 Rxc3 42. f3 Ra3 43. Bd5 Rd3 44. Be4 Rd2+ 45. Kg3 Rxa2 46. b5
Rb2 47. Bc6 Rc2 48. Bd7 Rc5 49. h4 Kg7 50. Kg4 Kf6 51. f4 h5+ 52. Kf3 Ke7 53.
Bh3 Rxb5 54. Bf1 Rb4 55. Be2 a5 56. Kf2 a4 57. Bxh5 a3 58. Be2 Rb2 59. h5 Rxe2+
60. Kxe2 a2 61. h6 a1=Q {White resigns} 0-1

[Event "Team 45 45 League T88"]
[Site "Internet Chess Club"]
[Date "2021.04.25"]
[Round "3"]
[White "cayo89"]
[Black "Draconian"]
[Result "0-1"]
[WhiteElo "1474"]
[BlackElo "1704"]
[Opening "Dutch, 2.Bg5 variation"]
[ECO "A80"]
[Time "12:20:12"]
[TimeControl "2700+45"]

1. d4 f5 2. Bg5 h6 3. Bh4 g5 4. e3 Nf6 5. Bg3 Bg7 6. c4 O-O 7. Nc3 d6 8. Bd3 Nc6
9. Nf3 Nh5 10. Qd2 e5 11. dxe5 dxe5 12. Be2 f4 13. exf4 exf4 14. O-O-O Bf5 15.
Qxd8 Raxd8 16. Nd5 fxg3 17. hxg3 Nf6 18. Nxc7 Ne4 19. Rhf1 Nb4 20. a3 Nc5 {White
resigns} 0-1

[Event "Team 45 45 League T88"]
[Site "Internet Chess Club"]
[Date "2021.04.24"]
[Round "3"]
[White "BrianWood"]
[Black "liujf"]
[Result "0-1"]
[WhiteElo "1432"]
[BlackElo "1584"]
[Opening "English: Anglo-Grünfeld defense"]
[ECO "A16"]
[Time "14:06:50"]
[TimeControl "2700+45"]

1. c4 Nf6 2. Nc3 d5 3. d4 c6 4. cxd5 cxd5 5. Bf4 e6 6. a3 Bd6 7. Bg3 Bxg3 8.
hxg3 Nc6 9. e3 Bd7 10. Bd3 e5 11. dxe5 Nxe5 12. Nf3 Nxd3+ 13. Qxd3 Be6 14. Nd4
Rc8 15. O-O O-O 16. e4 dxe4 17. Nxe4 Nxe4 18. Qxe4 Rc4 19. Nxe6 Rxe4 20. Nxd8
Rxd8 21. f3 Re2 22. Rf2 Rxf2 23. Kxf2 Rd2+ 24. Kf1 Rxb2 25. a4 {White resigns}
0-1

[Event "Team 45 45 League T88"]
[Site "Internet Chess Club"]
[Date "2021.04.24"]
[Round "3"]
[White "vhuffst"]
[Black "cap78red"]
[Result "1/2-1/2"]
[WhiteElo "1344"]
[BlackElo "1316"]
[Opening "English: Bremen, reverse dragon"]
[ECO "A22"]
[Time "09:00:25"]
[TimeControl "2700+45"]

1. c4 e5 2. Nc3 Nf6 3. g3 d5 4. cxd5 Nxd5 5. Bg2 Nxc3 6. bxc3 Nc6 7. e4 Bc5 8.
Nf3 Qd3 9. Qe2 Qxe2+ 10. Kxe2 Bg4 11. h3 Bxf3+ 12. Bxf3 O-O-O 13. Bg4+ Kb8 14.
d3 h5 15. Bf3 g5 16. Bxg5 Rdg8 17. h4 Rh7 18. Rad1 f6 19. Bxf6 Rf8 20. Bg5 Rhf7
21. Bxh5 Rxf2+ 22. Ke1 Rg2 23. Rf1 Bf2+ 24. Kd2 Bxg3+ 25. Kc1 Bf4+ 26. Kb1 a6
27. d4 Rh8 28. Bf3 Rg3 29. Bf6 Rh6 30. dxe5 Bxe5 31. Bg5 Rh8 32. Rd3 Bg7 33. Bf4
Ne5 34. Bxg3 Nxd3 35. Rd1 Ne5 36. Be2 Nc6 37. Kc2 Re8 38. Rd7 Be5 39. Bxe5 Rxe5
40. h5 Rxe4 41. Kd3 Rh4 42. Rh7 Ne5+ 43. Ke3 c5 44. Kf2 Rh2+ 45. Ke3 Rh4 46. Kf2
Rh2+ 47. Ke3 Rh4 {Game drawn by repetition} 1/2-1/2

[Event "Team 45 45 League T88"]
[Site "Internet Chess Club"]
[Date "2021.04.27"]
[Round "3"]
[White "Fulmar"]
[Black "marioseixas1992"]
[Result "0-1"]
[WhiteElo "1162"]
[BlackElo "1315"]
[Opening "Sicilian: closed"]
[ECO "B24"]
[Time "11:00:06"]
[TimeControl "2700+45"]

1. e4 c5 2. Nc3 Nc6 3. g3 b6 4. Bg2 Bb7 5. Nge2 e6 6. d3 g6 7. O-O Bg7 8. Be3
Nge7 9. Qd2 Nd4 10. Rab1 d5 11. Bh6 Bxh6 12. Qxh6 Nxc2 13. Qg7 Rg8 14. Qxh7 d4
15. Nd1 Nb4 16. Nc1 Ba6 17. f4 Nxd3 18. Nb3 Nb4 19. Rf3 c4 20. a3 Nc2 21. Na1 d3
22. Nc3 Qd4+ 23. Kh1 Ne3 24. Re1 Ng4 25. Nd1 Nf6 26. Qh4 O-O-O 27. e5 Nfd5 28.
Rf2 c3 29. f5 Nxf5 30. Qxd4 Nxd4 31. bxc3 Ne2 32. Rf3 d2 33. Rxe2 Bxe2 34. Rf2
Bxd1 35. Rxd2 Nxc3 36. Rf2 Be2 37. Rxf7 Rd1+ 38. Bf1 Bxf1 39. Rf8+ Rxf8 40. Kg1
Bh3# {White checkmated} 0-1

[Event "Team 45 45 League T88"]
[Site "Internet Chess Club"]
[Date "2021.04.25"]
[Round "3"]
[White "harrington"]
[Black "handsomematch"]
[Result "1-0"]
[WhiteElo "1483"]
[BlackElo "1440"]
[Opening "Giuoco Piano"]
[ECO "C54"]
[Time "19:05:21"]
[TimeControl "2700+45"]

1. e4 e5 2. Nf3 Nc6 3. Bc4 Bc5 4. c3 Nf6 5. d3 a5 6. a4 O-O 7. O-O d6 8. Re1 Be6
9. Bxe6 fxe6 10. Nbd2 Qd7 11. Nb3 Ba7 12. h3 Rae8 13. Qe2 d5 14. Bd2 Qd6 15. c4
d4 16. Nxa5 Nxa5 17. Bxa5 Bc5 18. Bd2 Ra8 19. Reb1 c6 20. b4 Ba7 21. a5 Bb8 22.
b5 Bc7 23. c5 Qd7 24. a6 bxa6 25. bxa6 Rfb8 26. Qd1 Qc8 27. Rxb8 Qxb8 28. a7
Rxa7 29. Rxa7 Qxa7 30. Qb3 Qxc5 31. Qxe6+ Kf8 32. Ng5 Qe7 33. Bb4 c5 34. Bxc5
{Black resigns} 1-0